 Dungeon Crawl Stone Soup version 0.16-a0-4044-gd6c5e7b (webtiles) character file.

2562 dysrexia the Cruncher (level 9, -7/67 HPs)
             Began as a Mottled Draconian Gladiator on Feb 19, 2015.
             Was a Follower of Ashenzari.
             Mangled by a wyvern (9 damage)
             ... on level 8 of the Dungeon.
             The game lasted 00:30:35 (6655 turns).

dysrexia the Cruncher (Mottled Draconian Gladiator) Turns: 6655, Time: 00:30:36

Health: -7/67      AC: 10    Str: 17    XL:     9   Next: 31%
Magic:  9/9        EV: 13    Int:  9    God:    Ashenzari [*.....]
Gold:   122        SH:  0    Dex: 17    Spells: 0 memorised, 8 levels left

rFire  . . .     SeeInvis .     a - +1 quarterstaff (curse)
rCold  . . .     Clarity  .     (armour unavailable)
rNeg   . . .     SustAb   .     (no shield)
rPois  +         Gourm    .     c - +1 hat
rElec  .         Spirit   .     y - +0 cloak (curse)
rCorr  .         Warding  .     (no gloves)
rMut   .         Stasis   .     r - +0 pair of boots
MR     .....                    (no amulet)
Stlth  ++........               I - ring of poison resistance
                                t - +2 ring of dexterity (curse)

@: short of breath, not resistant to hostile enchantments, unstealthy
A: breathe sticky flames, unfitting armour, cold-blooded, AC +7
a: Breathe Sticky Flame, Renounce Religion


You were on level 8 of the Dungeon.
You worshipped Ashenzari.
Ashenzari was aware of your devotion.
You were not hungry.

You visited 1 branch of the dungeon, and saw 8 of its levels.

You collected 402 gold pieces.
You spent 280 gold pieces at shops.

Inventory:

Hand weapons
 a - a cursed +1 quarterstaff (weapon)
Missiles
 d - a throwing net (quivered)
Armour
 c - a +1 hat (worn)
 r - a +0 pair of boots (worn)
 y - a cursed +0 cloak (worn)
Magical staves
 v - an uncursed staff of summoning
Jewellery
 t - a cursed +2 ring of dexterity (left hand)
 E - a +3 ring of intelligence
 I - a ring of poison resistance (right hand)
Magical devices
 z - a wand of confusion (5)
 C - a wand of disintegration (10)
 J - a wand of teleportation (2)
Scrolls
 i - a scroll of enchant weapon
 n - a scroll of enchant armour
 p - 2 scrolls of immolation
 w - 3 scrolls of magic mapping
 x - a scroll of recharging
 B - a scroll of curse weapon
 D - 3 scrolls of teleportation
Potions
 b - a potion of resistance
 e - a potion of mutation
 g - a potion of agility {unknown}
 h - a potion of lignification {unknown}
 j - 4 potions of curing
 k - a potion of flight {unknown}
 l - a potion of magic {unknown}
 m - a potion of heal wounds {unknown}
 o - a potion of might {unknown}
 q - 3 potions of brilliance
 s - a potion of restore abilities {unknown}
 u - a potion of degeneration {unknown}
 G - a potion of poison {unknown}
Books
 F - a book of the Tempests

   Spells                             Type                      Level
   a - Static Discharge               Conjuration/Air              3
   b - Lightning Bolt                 Conjuration/Air              5
   c - Fireball                       Conjuration/Fire             5
   d - Tornado                        Air                          9
   e - Shatter                        Earth                        9
Comestibles
 f - 3 bread rations
 A - 2 meat rations
 H - 2 chunks of flesh


   Skills:
 - Level 2.1 Fighting
 + Level 12.6 Staves
 - Level 1.7 Throwing
 - Level 2.6 Dodging


You had 8 spell levels left.
You didn't know any spells.

Dungeon Overview and Level Annotations

Branches:
Dungeon (8/15)             Temple (0/1) D:4
   Lair: D:8-11

Altars:
Ashenzari
Elyvilon
Gozag
Makhleb
Nemelex Xobeh
Qazlal
Vehumet
Zin

Shops:
D:7 =


Innate Abilities, Weirdness & Mutations

You can spit globs of burning liquid.
You can ignite nearby creatures when you spit burning liquid.
Your weird mottled scales are hard (AC +7).
Your body does not fit into most forms of armour.
Your cold-blooded metabolism reacts poorly to cold.


Message History

The splash of liquid fire misses the wyvern.
You feel somewhat more hungry. The wyvern bites you!
* * * LOW HITPOINT WARNING * * *
Drink which item? (? for menu, Esc to quit)
Okay, then.
Press: ? - help, v - describe, . - travel
Here: a wyvern (heavily wounded)
The floor, spattered with blood.
Read which item? (? for menu, Esc to quit)
Okay, then.
Press: ? - help, v - describe, . - travel The floor.
Evoke which item? (* to show all) (? for menu, Esc to quit)
Zapping:
C - a wand of disintegration (will waste charges)
Press: ? - help, Shift-Dir - straight line, f/p - wyvern
Aim: a wyvern (heavily wounded, chance 65%)
The wyvern struggles to resist.
Evoking this partially-identified wand wasted a few charges.
The wyvern bites you!
You die...

#.... ...#####..#
..........#
.....###.$##
##.####...###...
#.............#
######.######## . #D#
..# ####@#### ....
#.......# ###...##
#.##.......# #.......#
#.##..#.##.# #.##.##.#
#.##.....# #.#...#.#
#.###.#....
......#.#####.###.....>
#...................#
........######.######


You could see a wyvern.

Vanquished Creatures
  The ghost of dysrexia the Twirler, an average DrGl (D:5)
  Eustachio (D:7)
  2 water moccasins (D:7)
  Edmund (D:4)
  A sky beast (D:7)
  An ice beast (D:6)
  2 ogres
  4 centaurs
  4 giant frogs
  A scorpion (D:5)
  2 crimson imps
  A goliath beetle (D:6)
  3 hounds
  A jelly (D:5)
  2 centaur skeletons
  2 orc priests
  3 iguanas
  7 worker ants
  A hound zombie (D:6)
  4 gnolls (D:6)
  7 adders
  2 shadow imps (D:6)
  2 giant mites
  4 worms
  6 adder skeletons
  2 adder zombies
  5 giant geckos
  18 orcs
  12 bats
  A bat skeleton (D:5)
  7 giant cockroaches
  15 goblins
  9 hobgoblins
  2 jackals (D:3)
  7 kobolds
  2 giant cockroach zombies
  A giant gecko skeleton (D:2)
  2 giant newts
  A jackal zombie (D:2)
  3 quokkas
  2 quokka skeletons (D:5)
  9 rats
  3 ballistomycetes (D:7)
166 creatures vanquished.

Vanquished Creatures (others)
  2 quasits (D:7)
  2 bats (D:7)
  A giant spore (D:7)
  A quokka (D:7)
6 creatures vanquished.

Grand Total: 172 creatures vanquished

Notes
Turn   | Place    | Note
--------------------------------------------------------------
     0 | D:1      | dysrexia, the Draconian Gladiator, began the quest for the Orb.
     0 | D:1      | Reached XP level 1. HP: 17/17 MP: 1/1
   125 | D:1      | Reached XP level 2. HP: 19/24 MP: 2/2
   585 | D:2      | Reached skill level 4 in Staves
   636 | D:2      | Reached XP level 3. HP: 25/29 MP: 3/3
   784 | D:2      | Reached skill level 5 in Staves
   784 | D:2      | Reached XP level 4. HP: 24/36 MP: 4/4
   818 | D:2      | Found a burning altar of Makhleb.
  1451 | D:2      | Found a stormy altar of Qazlal.
  1543 | D:3      | Reached XP level 5. HP: 41/41 MP: 5/5
  1803 | D:3      | Reached skill level 6 in Staves
  1942 | D:4      | Found a white marble altar of Elyvilon.
  2102 | D:4      | Noticed Edmund
  2115 | D:4      | Killed Edmund
  2115 | D:4      | Reached XP level 6. HP: 40/48 MP: 6/6
  2126 | D:4      | Reached skill level 7 in Staves
  2480 | D:4      | Noticed an ogre
  2495 | D:4      | Killed an ogre
  2730 | D:4      | Found a shattered altar of Ashenzari.
  2758 | D:4      | Became a worshipper of Ashenzari the Shackled
  2795 | D:4      | Found a staircase to the Ecumenical Temple.
  2897 | D:4      | Found a glowing silver altar of Zin.
  3096 | D:5      | Entered Level 5 of the Dungeon
  3104 | D:5      | Reached skill level 8 in Staves
  3104 | D:5      | Your scales start taking on a weird mottled pattern.
  3104 | D:5      | Reached XP level 7. HP: 55/55 MP: 7/7
  3105 | D:5      | Upgraded the game from 0.16-a0-4024-g0ecf4ac to 0.16-a0-4044-gd6c5e7b
  3206 | D:5      | Noticed dysrexia's ghost (average DrGl)
  3490 | D:5      | Reached skill level 9 in Staves
  4424 | D:6      | Reached XP level 8. HP: 42/61 MP: 8/8
  4564 | D:6      | Reached skill level 10 in Staves
  5037 | D:5      | Killed dysrexia's ghost
  5037 | D:5      | Reached skill level 11 in Staves
  5584 | D:7      | Found Wang's Jewellery Shop.
  5699 | D:7      | Reached XP level 9. HP: 60/67 MP: 9/9
  5717 | D:7      | Reached skill level 12 in Staves
  5952 | D:7      | Noticed Eustachio
  6024 | D:7      | Killed Eustachio
  6432 | D:7      | Bought an uncursed ring of poison resistance for 280 gold pieces
  6439 | D:7      | Found a sparkling altar of Nemelex Xobeh.
  6440 | D:7      | Found an opulent altar of Gozag.
  6520 | D:8      | Found a radiant altar of Vehumet.
  6653 | D:8      | HP: 2/67 [wyvern (11)]
  6655 | D:8      | Mangled by a wyvern

Action                   |  1- 3 |  4- 6 |  7- 9 || total
-------------------------+-------+-------+-------++-------
Melee: Quarterstaff      |    58 |   203 |   389 ||   650
Throw: Throwing net      |       |     3 |     1 ||     4
 Abil: Breathe Sticky Fl |       |       |    10 ||    10
Evoke: Wand              |       |       |     1 ||     1
  Use: Scroll            |       |    12 |     7 ||    19
 Stab: Held in net/web   |       |     2 |       ||     2
       Sleeping          |       |     1 |       ||     1
  Eat: Chunk             |       |     7 |    12 ||    19
       Beef jerky        |       |       |     1 ||     1
